 Dungeon Crawl Stone Soup version 0.18.1-47-g9310371 (webtiles) character file.

163 Peloso the Shield-Bearer (level 5, -1/47 HPs)
             Began as a Minotaur Fighter on June 23, 2016.
             Killed by nerve-wracking pain
             ... invoked by an orc priest
              (14 damage)
             ... on level 3 of the Dungeon on June 24, 2016.
             The game lasted 00:04:48 (1342 turns).

Peloso the Shield-Bearer (Minotaur Fighter)         Turns: 1342, Time: 00:04:50

Health: -1/47      AC: 14    Str: 20    XL:     5   Next: 20%
Magic:  4/4        EV:  6    Int:  5    God:
Gold:   78         SH: 10    Dex: 11    Spells: 0 memorised, 4 levels left

rFire  . . .     SeeInvis .     a - +0 long sword
rCold  . . .     Gourm    .     h - +0 chain mail
rNeg   . . .     Faith    .     c - +0 shield
rPois  .         Spirit   .     (helmet restricted)
rElec  .         Dismiss  .     (no cloak)
rCorr  +         Reflect  .     (no gloves)
SustAt .         Harm     .     m - +0 pair of boots
MR     .....                    (no amulet)
Stlth  ..........               p - ring of resist corrosion
                                g - +4 ring of protection

@: not resistant to hostile enchantments, extremely unstealthy
A: retaliatory headbutt, horns 2
a: no special abilities


You were on level 3 of the Dungeon.
You were not hungry.

You visited 1 branch of the dungeon, and saw 3 of its levels.

You collected 78 gold pieces.

Inventory:

Hand Weapons
 a - a +0 long sword (weapon)
Armour
 b - a +0 scale mail
 c - a +0 shield (worn)
 h - a +0 chain mail (worn)
 m - a +0 pair of boots (worn)
Jewellery
 g - a +4 ring of protection (left hand)
 p - a ring of resist corrosion (right hand)
Scrolls
 e - 4 scrolls of identify {unknown}
 j - a scroll of enchant armour {unknown}
 q - 2 scrolls of teleportation {unknown}
Potions
 d - a potion of flight {unknown}
 i - a potion of curing
 k - a potion of brilliance {unknown}
 n - a potion of haste {unknown}
 s - a potion of might
Comestibles
 f - 2 bread rations
 l - 3 chunks of flesh
 o - a beef jerky
 r - 2 meat rations


   Skills:
 + Level 4.5 Fighting
 + Level 3.6 Long Blades
 + Level 4.2 Armour
 + Level 1.8 Dodging
 + Level 5.0 Shields


You had 4 spell levels left.
You didn't know any spells.

Dungeon Overview and Level Annotations

Branches:
Dungeon (3/15)

Altars:
Fedhas


Innate Abilities, Weirdness & Mutations

You reflexively headbutt those who attack you in melee.
You have a pair of horns on your head.


Message History

You barely miss the orc.
The orc is heavily wounded.
The orc wizard casts a spell at you. The magic dart hits you!
* * * LOW HITPOINT WARNING * * *
The orc hits you but does no damage.
The orc priest calls upon Beogh to heal the orc.
The orc's wounds heal themselves!
Drink which item? (? for menu, Esc to quit)
It was a potion of curing.
You feel better.
The orc wizard gestures at you while chanting.
The magic dart hits you! You block the orc's attack.
You slash the orc!
You kill the orc!
You slash the orc priest! Your headbutt misses the orc priest.
The orc priest is heavily wounded.
You block the orc priest's attack. You block the orc wizard's attack.
The orc priest calls down the wrath of Beogh upon you.
Pain shoots through your body!
You die...

#.#.##.##..# #
#.#.#.#.#..#
#.#.<......#
#.###.###.## #
#.........# ##
#####.##### ##.
####.##.### ##..
...######.........###...
.....oo@o...........+...
....#####.#..#....###...
. #.#.....#.# ##..
#.#.##..# # ##.
#.#.##..#.# ##
#.........# #
######.#### #.#
#.#########


You could see an orc priest, an orc wizard and an orc.

Vanquished Creatures
  The ghost of Caphalor the Gusty, an amateur TeAE of Vehumet (D:3)
  3 adders (D:2)
  An ooze (D:2)
  2 worms
  2 giant geckos
  2 orcs (D:3)
  6 giant cockroaches
  4 goblins
  8 hobgoblins
  6 jackals
  6 bats
  5 giant newts
  4 kobolds (D:2)
  4 rats
54 creatures vanquished.

Notes
Turn   | Place    | Note
--------------------------------------------------------------
     0 | D:1      | Peloso the Minotaur Fighter began the quest for the Orb.
     0 | D:1      | Reached XP level 1. HP: 19/19 MP: 0/0
   165 | D:1      | Reached XP level 2. HP: 27/27 MP: 1/1
   186 | D:1      | Reached skill level 4 in Shields
   483 | D:1      | Reached XP level 3. HP: 33/33 MP: 2/2
   970 | D:2      | Found a blossoming altar of Fedhas.
   996 | D:2      | Reached skill level 1 in Dodging
   996 | D:2      | Reached XP level 4. HP: 40/40 MP: 3/3
  1174 | D:3      | Noticed Caphalor's ghost (amateur TeAE)
  1185 | D:3      | Killed Caphalor's ghost
  1185 | D:3      | Reached skill level 5 in Shields
  1185 | D:3      | Reached XP level 5. HP: 39/47 MP: 4/4
  1342 | D:3      | Killed from afar by an orc priest

Skill      XL: |  1  2  3  4 |
---------------+-------------+-----
Shields        | 4 5 |  5.0
Fighting       | 4 |  4.5
Armour         | 4 |  4.2
Long Blades    | 3 |  3.6
Dodging        | 1 |  1.8

Action                   |  1- 3 |  4- 6 || total
-------------------------+-------+-------++-------
Melee: Long sword        |   103 |    31 ||   134
       Headbutt          |    13 |     6 ||    19
  Use: Potion            |       |     2 ||     2
  Eat: Chunk             |       |     2 ||     2
Armor: Scale mail        |    31 |       ||    31
       Chain mail        |    33 |    18 ||    51
Dodge: Dodged            |    36 |     2 ||    38
Block: Shield            |    60 |    16 ||    76
